Map: Babylon LE

Players

Obvi

  • Race: Zerg Zerg
  • League: Diamond
  • Spawn Location: 5:00

ApEiriA - Winner!

  • Race: Terran Terran
  • League: Diamond
  • Spawn Location: 11:00

VOD

Have the link to the VOD?

Description

Time

  • Played on: May 29, 2023, 12:24 p.m.
  • Length: 17:32
Show
View Real Time Build Order
Export as new Build Order

Obvi Zerg 

Build Orders: Hatch First 

Get SALT Encoding   

  12  0:00  Drone  
  13  0:12  Overlord  
  13  0:17  Drone  
  14  0:34  Drone  
  14  0:35  Drone x2  
  17  0:54  Hatchery  
  17  0:56  Drone  
  17  1:01  Drone  
  18  1:10  Extractor  
  17  1:15  Spawning Pool  
  17  1:18  Drone  
  17  1:21  Drone  
  18  1:28  Drone  
  19  1:39  Overlord  
  19  1:51  Drone  
  20  2:01  Drone  
  20  2:05  Queen  
  20  2:06  Queen  
  20  2:07  Zergling x2  
  26  2:11  Metabolic Boost  
  26  2:13  Zergling x2  
  27  2:18  Drone  
  28  2:28  Drone  
  28  2:43  Drone x2  
  30  2:49  Roach Warren  
  29  2:58  Overlord, Drone  
  30  3:00  Overlord  
  30  3:05  Overlord  
  30  3:09  Overlord  
  30  3:31  Roach x8  
  30  3:33  Zergling x2  
  47  3:56  Zergling x2  
  47  3:57  Zergling x6, Hatchery  
  50  4:15  Zergling x14  
  50  4:16  Zergling x2  
  58  4:23  Zergling x2  
  59  4:25  Zergling x2  
  60  4:37  Zergling x12  
  59  4:59  Drone  
  49  5:01  Drone  
  45  5:07  Drone  
  45  5:08  Drone x3  
  45  5:11  Drone  
  50  5:15  Drone  
  50  5:16  Drone x4  
  48  5:26  Drone  
  48  5:27  Drone  
  47  5:34  Extractor  
  47  5:35  Extractor  
  43  5:37  Queen  
  43  5:38  Queen  
  43  5:40  Queen  
  43  5:41  Drone x3  
  43  5:42  Drone x2  
  54  5:43  Spore Crawler  
  54  5:48  Drone x2  
  55  5:52  Spore Crawler  
  55  5:55  Drone  
  55  6:10  Spore Crawler  
  54  6:16  Drone x7  
  61  6:20  Drone x4  
  61  6:24  Drone  
  66  6:26  Lair  
  66  6:27  Drone  
  67  6:36  Drone x3  
  70  6:40  Drone  
  70  6:41  Drone x2  
  70  6:43  Drone  
  74  7:01  Hatchery  
  74  7:02  Drone  
  74  7:05  Overlord x4  
  74  7:06  Baneling Nest  
  73  7:09  Extractor  
  73  7:12  Extractor  
  73  7:13  Zergling x4  
  73  7:14  Zergling x2, Extractor  
  73  7:23  Hatchery  
  73  7:26  Zergling x14  
  73  7:27  Zergling x4  
  73  7:29  Zergling x4  
  83  7:33  Drone  
  83  7:34  Drone  
  83  7:35  Drone x2  
  87  7:39  Evolution Chamber  
  87  7:40  Drone x2  
  87  7:41  Evolution Chamber  
  87  7:47  Zergling x2  
  87  7:48  Zergling x2  
  87  7:50  Zergling x2  
  90  7:57  Zergling x4  
  92  8:04  Zergling x10  
  88  8:13  Zergling x4  
  88  8:17  Zergling x8  
  76  8:22  Zergling x10  
  76  8:23  Baneling  
  76  8:24  Baneling x5  
  76  8:25  Zergling x2  
  78  8:28  Zergling x2  
  78  8:31  Queen  
  78  8:32  Queen x2  
  83  8:34  Zergling x2  
  83  8:36  Zergling x4  
  83  8:39  Zergling x2  
  68  8:50  Zergling x2  
  55  9:04  Zergling x8  
  55  9:05  Zergling x4  
  55  9:06  Zergling x6  
  55  9:07  Zergling x10  
  69  9:15  Zergling x4  
  69  9:16  Hatchery  
  67  9:21  Drone x3  
  69  9:25  Overlord  
  69  9:28  Baneling x2  
  69  9:36  Drone  
  69  9:37  Drone x3  
  72  9:39  Drone  
  72  9:40  Drone  
  72  9:43  Drone  
  74  9:48  Drone  
  71  9:55  Zergling x2  
  71  9:57  Drone x3  
  75  10:03  Zergling x10  
  75  10:05  Zergling x4  
  81  10:12  Zergling x4  
  79  10:15  Zergling x2  
  80  10:27  Drone x2  
  82  10:28  Centrifugal Hooks  
  82  10:30  Hydralisk Den  
  82  10:31  Zerg Melee Weapons Level 1, Zerg Ground Armor Level 1  
  81  10:36  Drone x5  
  81  10:40  Infestation Pit  
  85  10:46  Queen x2  
  85  10:49  Overlord  
  87  11:07  Hydralisk x6, Grooved Spines  
  87  11:08  Hydralisk x3  
  102  11:11  Zergling x4  
  102  11:12  Zergling x2  
  104  11:22  Zergling x10  
  105  11:28  Spore Crawler  
  104  11:34  Overseer  
  104  11:41  Drone x6, Spore Crawler  
  109  11:48  Overlord  
  109  11:49  Overlord x4  
  109  11:56  Hive  
  109  12:09  Baneling x14  
  109  12:10  Zergling x4  
  111  12:18  Muscular Augments  
  103  12:43  Zergling x20  
  107  12:44  Hatchery  
  102  12:59  Extractor  
  86  13:09  Queen  
  86  13:10  Queen  
  89  13:19  Hatchery  
  86  13:21  Zergling x6  
  89  13:27  Zergling x2  
  89  13:28  Zergling x4  
  92  13:36  Hatchery  
  91  13:45  Queen x2  
  95  13:52  Zergling x2  
  95  13:53  Zergling x6  
  95  13:54  Hydralisk x2  
  103  13:57  Zerg Melee Weapons Level 2, Zerg Missile Weapons Level 1  
  103  13:58  Adrenal Glands  
  95  14:21  Queen x2  
  95  14:22  Hatchery  
  95  14:35  Hydralisk  
  97  14:42  Hydralisk x4  
  97  14:43  Hydralisk, Zergling x2, Spine Crawler x2  
  97  14:44  Zergling x18  
  115  14:47  Spire  
  114  14:59  Zergling x2  
  110  15:13  Hydralisk  
  110  15:14  Hydralisk x2  
  110  15:15  Hydralisk  
  110  15:16  Baneling  
  110  15:17  Baneling x8  
  110  15:19  Drone  
  110  15:20  Drone x3  
  122  15:25  Drone x2  
  106  15:43  Zergling x14  
  105  15:53  Zergling x2  
  105  15:56  Zergling x8  
  87  15:59  Zergling x2  
  87  16:00  Zergling x4  
  87  16:03  Zergling x8  
  90  16:08  Baneling x3  
  90  16:09  Zergling x10  
  87  16:35  Queen x3  
  93  16:53  Corruptor x4  
  93  17:01  Corruptor  
Show
View Real Time Build Order
Export as new Build Order

ApEiriA Terran - Winner!

Build Orders: Reaper Expand, Hellion Banshee 

Get SALT Encoding   

  12  0:00  SCV  
  13  0:12  SCV  
  14  0:17  Supply Depot  
  14  0:24  SCV  
  15  0:38  SCV  
  15  0:40  Barracks  
  16  0:44  Refinery  
  16  0:50  SCV  
  17  1:03  SCV  
  18  1:15  SCV  
  19  1:27  Orbital Command, Reaper  
  20  1:42  Command Center  
  20  1:50  Supply Depot  
  20  1:53  SCV  
  21  1:59  Marine  
  22  2:05  SCV  
  23  2:14  Factory  
  23  2:18  SCV  
  23  2:22  Barracks Reactor  
  24  2:30  SCV  
  25  2:46  Command Center  
  25  2:48  SCV  
  26  2:52  Refinery  
  26  2:57  Orbital Command  
  26  3:06  Starport  
  26  3:09  SCV  
  27  3:13  Barracks Tech Lab  
  27  3:23  SCV x2  
  28  3:30  Hellion x2  
  32  3:38  Bunker  
  32  3:45  SCV x2  
  34  3:50  Banshee  
  36  3:57  Hellion x2  
  36  4:01  Barracks Tech Lab, Orbital Command  
  41  4:02  SCV  
  41  4:16  SCV x2  
  43  4:21  Hellion x2  
  43  4:23  Marine  
  48  4:25  Stimpack  
  48  4:34  Barracks  
  48  4:46  SCV x3  
  51  4:58  SCV x3  
  52  5:00  Barracks  
  52  5:03  Barracks  
  49  5:10  SCV  
  49  5:11  Orbital Command  
  47  5:18  Supply Depot  
  47  5:21  SCV  
  47  5:22  SCV  
  47  5:28  Supply Depot  
  48  5:39  Starport Reactor  
  48  5:49  Siege Tank  
  51  5:51  Barracks Reactor  
  51  5:55  SCV  
  51  5:56  SCV x2  
  54  5:58  Barracks  
  54  6:06  Engineering Bay, Supply Depot  
  54  6:10  Engineering Bay  
  54  6:11  SCV  
  54  6:12  SCV x2  
  54  6:15  Supply Depot, Combat Shield  
  54  6:16  Marine x2  
  54  6:17  Marine  
  60  6:23  Refinery  
  60  6:24  SCV x2  
  62  6:25  Refinery  
  62  6:27  Supply Depot, Starport Reactor  
  62  6:29  Marine x2, Siege Tank  
  67  6:36  Marine x3  
  67  6:37  Barracks  
  67  6:38  Terran Infantry Armor Level 1, Terran Infantry Weapons Level 1  
  70  6:41  Orbital Command  
  70  6:44  SCV x2  
  72  6:53  Marine x3  
  72  6:54  Marine x2  
  76  6:56  SCV  
  76  6:58  Barracks Reactor  
  78  7:02  SCV  
  78  7:04  Siege Tank  
  78  7:08  SCV  
  83  7:10  Medivac  
  83  7:11  Medivac  
  83  7:14  SCV  
  83  7:15  SCV  
  89  7:17  Supply Depot  
  89  7:18  Marine x3  
  89  7:19  Supply Depot, Marine  
  93  7:27  Barracks Reactor  
  93  7:34  Supply Depot  
  93  7:38  Marine x3  
  93  7:39  SCV x3  
  93  7:40  Marine, Supply Depot  
  93  7:43  Armory  
  100  7:51  SCV x3  
  103  7:53  Marine x5  
  103  7:56  Marine  
  109  7:58  Factory  
  109  8:03  SCV x3  
  108  8:16  Marine x9  
  113  8:28  SCV x3  
  113  8:32  Terran Ship Weapons Level 1  
  116  8:34  Armory  
  116  8:36  Command Center  
  106  9:03  Marine x9  
  106  9:04  Marine  
  106  9:05  SCV x3  
  106  9:07  Supply Depot, Refinery  
  106  9:08  Refinery  
  119  9:10  Supply Depot  
  116  9:17  SCV  
  116  9:21  Medivac x2  
  114  9:24  SCV x2  
  114  9:27  Factory Reactor  
  114  9:29  Supply Depot  
  116  9:32  Terran Infantry Armor Level 2, Terran Infantry Weapons Level 2  
  116  9:34  Supply Depot  
  113  9:42  Command Center  
  113  9:56  Marine x9  
  113  9:57  Marine, SCV  
  113  9:58  SCV x2  
  125  10:09  SCV  
  125  10:10  SCV x2  
  128  10:23  Marine x9  
  128  10:24  Marine x2  
  128  10:25  Medivac  
  128  10:26  Medivac, SCV x3  
  147  10:30  Planetary Fortress  
  147  10:32  Refinery  
  147  10:34  Refinery  
  147  10:35  Missile Turret  
  146  10:37  Command Center  
  146  10:38  SCV  
  146  10:41  Marine  
  147  11:08  Marine, SCV x5  
  147  11:09  Marine x9  
  162  11:20  Terran Ship Weapons Level 2  
  162  11:21  Terran Vehicle And Ship Armor Level 1  
  161  11:39  Starport x2  
  158  11:40  Starport  
  158  11:42  Starport  
  158  11:45  Starport  
  158  11:46  Fusion Core, Command Center  
  158  11:48  Marine x11  
  143  12:44  Marine x11  
  143  12:49  Starport Tech Lab x4  
  143  13:24  Battlecruiser  
  143  13:25  Battlecruiser x3  
  163  13:27  Orbital Command  
  163  13:30  Command Center  
  163  13:31  Terran Infantry Armor Level 3, Terran Infantry Weapons Level 3  
  163  13:32  Marine x2  
  163  13:33  Marine x9  
  174  13:37  Medivac  
  174  13:38  Medivac  
  178  13:42  Planetary Fortress  
  178  13:50  Marine x2  
  180  13:56  Command Center x2  
  180  13:57  Command Center  
  175  14:28  Battlecruiser  
  175  14:29  Battlecruiser x3  
  186  15:13  Orbital Command  
  183  15:16  Orbital Command x2  
  183  15:19  Planetary Fortress  
  183  15:25  Refinery  
  183  15:26  Refinery  
  182  15:33  Battlecruiser x3  
  178  16:00  Battlecruiser  
  179  16:23  Marine  
  179  16:24  Marine x7  
  179  16:25  Marine x2  
  198  16:56  Marine x2  
Tags
 
Add a new tag
Caveats
  • Supply blocks, unpowered buildings, or Contaminate may cause inaccurate times.
  • Supply counts are checked every 10 seconds.